 Dungeon Crawl Stone Soup version 0.29.1-4-g47bece8355 (webtiles) character file.

Game seed: 8936214932648727853

44 warriortoast the Conjurer (level 3, 4/39 HPs)
             Began as a Draconian Conjurer on Dec 3, 2022.
             Quit the game on level 1 of the Dungeon.
             The game lasted 00:03:53 (1735 turns).

warriortoast the Conjurer (Draconian Conjurer)      Turns: 1735, Time: 00:03:54

Health: 4/39       AC: 21    Str:  9    XL:     3   Next: 41%
Magic:  6/6        EV:  2    Int: 18    God:
Gold:   31         SH:  0    Dex:  9    Spells: 0/6 levels left

rFire   . . .      SeeInvis .   d - +0 club
rCold   . . .      Faith    .   (no shield)
rNeg    . . .      Spirit   .   (body armour unavailable)
rPois   +          Reflect  .   (helmet currently unavailable)
rElec   .          Harm     .   (cloak currently unavailable)
rCorr   .          Rampage  .   (gloves currently unavailable)
Will    .....      NoTele   +   (boots currently unavailable)
Stlth   ++........              (no amulet)
HPRegen 0.13/turn               (no ring)
MPRegen 0.10/turn               (no ring)

@: tree-form
A: stationary, stasis, torment immunity, boosted hp, AC +5, unfitting armour,
(cold-blooded), dopey 1, subdued magic 1
a: no special abilities


You were on level 1 of the Dungeon.
You were a tree.
You visited 1 branch of the dungeon, and saw 2 of its levels.

You collected 31 gold pieces.

Inventory:

Hand Weapons
 d - a +0 club (weapon)
Magical Staves
 f - a staff of air
Jewellery
 e - an amulet of the acrobat
Scrolls
 b - a scroll of identify
 g - a scroll of amnesia {unknown}
 i - 2 scrolls of silence {unknown}
Potions
 a - 2 potions of magic
 c - a potion of resistance {unknown}
 h - a potion of curing {unknown}


   Skills:
 + Level 2.3 Dodging
 + Level 2.3 Stealth
 + Level 2.4 Spellcasting
 + Level 4.3 Conjurations
 + Level 0.0 Hexes


You couldn't memorise any spells.
You knew the following spells:

 Your Spells              Type           Power      Damage    Failure   Level
a - Magic Dart            Conj           52%        1d5       2%          1
b - Searing Ray           Conj           26%        2d5       3%          2
c - Dazzling Flash        Conj/Hex       14%        N/A       19%         3

Your spell library contained the following spells:

 Spells                   Type           Power      Damage    Failure   Level
 Sting                    Tmut/Pois      4%         1d3       14%         1
 Fulminant Prism          Conj/Hex       3%         3d6       52%         4
 Iskenderun's Mystic Bla  Conj/Tloc      7%         2d4       52%         4


Dungeon Overview and Level Annotations

Branches:
Dungeon (2/15)

Altars:

Annotations:
D:1 Terence
D:2 1 runed translucent door, Crazy Yiuf


Innate Abilities, Weirdness & Mutations

You are a tree.
Your roots penetrate the ground, keeping you stationary.
You cannot be teleported.
You are immune to unholy pain and torment.
Your maximum health is greatly increased.
Your equipment is partially melded.
((Your plain brown scales are hard. (AC +5)))
You cannot fit into any form of body armour.
((You are cold-blooded and may be slowed by cold attacks.))
You are dopey. (Int -2)
Your spells are a little easier to cast, but a little less powerful.


Message History

Press: ? - help, Q - select action, (/) - cycle Shift-Dir - straight line, f/p - hobgoblin
Aim: a hobgoblin (heavily wounded, 100% to hit)
The magic dart hits the hobgoblin but does no damage.
The hobgoblin is heavily wounded.
The hobgoblin hits you but does no damage.
Aiming: Magic Dart (safe; 2% risk of failure)
Press: ? - help, Q - select action, (/) - cycle Shift-Dir - straight line, f/p - hobgoblin
Aim: a hobgoblin (heavily wounded, 100% to hit)
The magic dart hits the hobgoblin.
You kill the hobgoblin!
Aiming: Magic Dart (safe; 2% risk of failure)
Press: ? - help, Q - select action, (/) - cycle Shift-Dir - straight line, f - Terence
Aim: Terence, wielding a +0 mace and wearing a +0 chain mail (100% to hit)
The magic dart hits Terence.
Terence is moderately wounded.
Terence hits you with a +0 mace.
* * * LOW HITPOINT WARNING * * *
Aiming: Magic Dart (safe; 2% risk of failure)
Press: ? - help, Q - select action, (/) - cycle Shift-Dir - straight line, f/p - Terence
Aim: Terence, wielding a +0 mace and wearing a +0 chain mail (moderately wounded, 100% to hit)
The magic dart hits Terence but does no damage.
Terence is moderately wounded.
Terence hits you but does no damage.
Aiming: Magic Dart (safe; 2% risk of failure)
Press: ? - help, Q - select action, (/) - cycle Shift-Dir - straight line, f/p - Terence
Aim: Terence, wielding a +0 mace and wearing a +0 chain mail (moderately wounded, 100% to hit)
The magic dart hits Terence but does no damage.
Terence is moderately wounded.
Terence hits you but does no damage.
You hit Terence but do no damage.
Terence is moderately wounded.
Terence hits you with a +0 mace.
* * * LOW HITPOINT WARNING * * *
Magic courses through your body. Terence hits you with a +0 mace.
* * * LOW HITPOINT WARNING * * *
It was a potion of mutation.
You feel extremely strange.
You feel stupid.
Your connection to magic feels subdued.
Terence hits you but does no damage.
Autopickup is now off.
Are you sure you want to abandon this character and quit the game? (Confirm with "yes".)

......#.####...##..## ##.# ####
#######.# ##.[############# # #.#
#).#......[....# #.#
#..#...........# #.#
####.#.######..# #.## #.#.# #.##
#..# #.#.# #.# ##.# #@#.# #.# #.#
#♣#.######.# #.# #.#.....##.# ##
#.# #.#####.##.# .# #.#
#.#####.##.# .# #.#
####.......##.####### .# #.#
##.######.............
.#######.###.#.######.###.#######
.............................##
.........###.#.#############..#


You could see Terence.

Vanquished Creatures
  Robin (D:2)
  An adder (D:2)
  2 ball pythons (D:1)
  5 endoplasms
  A giant cockroach (D:1)
  4 goblins
  3 hobgoblins
  A quokka (D:1)
  2 bats (D:1)
  A frilled lizard (D:1)
  A kobold (D:1)
22 creatures vanquished.

Notes
Turn   | Place    | Note
-------+----------+-------------------------------------------
     0 | D:1      | warriortoast the Draconian Conjurer began the quest for the
                  | Orb.
     0 | D:1      | Reached XP level 1. HP: 14/14 MP: 3/3
   299 | D:1      | Found a faded altar of an unknown god.
   342 | D:1      | Got Plato's Vellum of Evolution
   488 | D:1      | Reached XP level 2. HP: 20/20 MP: 0/5
  1167 | D:2      | Found a runed translucent door.
  1168 | D:2      | Noticed Crazy Yiuf
  1323 | D:2      | Reached XP level 3. HP: 26/26 MP: 1/6
  1502 | D:2      | Noticed Robin
  1523 | D:2      | Killed Robin
  1523 | D:2      | Noticed Terence
  1680 | D:1      | Learned a level 2 spell: Searing Ray
  1684 | D:1      | Learned a level 3 spell: Dazzling Flash
  1734 | D:1      | Gained mutation: You are dopey. (Int -2) [potion of
                  | mutation]
  1734 | D:1      | Gained mutation: Your spells are a little easier to cast,
                  | but a little less powerful. [potion of mutation]
  1735 | D:1      | Quit the game

Illustrated notes

Levels and vault maps discovered:
D:1:      dpeg_arrival_round_a, layout_loops_ring,
          shapermc_ecumenical_altar_rom_forum
D:2:      kennysheep_the_goblin_king, layout_basic, basic_altar,
          corexii_item_surrounded_by_moat, minmay_splitting_lines,
          minmay_indecisive_spiral, uniq_robin, uniq_terence,
          uniq_crazy_yiuf_cottage

Skill      XL: |  1 |
---------------+----+-----
Stealth        | 2 |  2.3
Dodging        | 2 |  2.3
Spellcasting   | |  2.4
Conjurations   | |  4.3

Action                   || total
-------------------------++-------
Melee: Unarmed           ||    28
       Club              ||     7
       Tailslap          ||     4
 Cast: Magic Dart        ||    66
  Use: Potion            ||     3
       Scroll            ||     1
Armor: Skin              ||    27
Dodge: Dodged            ||    37
